General information
- name: BNet
- type: Ladder team game (AT/RT)
- host: Battle.net
- saver: skrt
map: Mur'gulOasis_LV
- players: 8
- length: 14:22
- speed: Fast
- version: 1.10030 W3XP
- replay type: Public
» download(194 KB)
Players
team 1 (loser)
TekK (
orange | 55 APM | 778 actions | 14:07)
4 Keeper of the Grove
2 Force of Nature
2 Entangling Roots
2 Priestess of the Moon
1 Trueshot Aura
1 Searing Arrows
» actions
| Assign group hotkey | 20 | |
| Basic commands | 6 | |
| Build / train | 50 | |
| ESC pressed | 4 | |
| Enter build submenu | 11 | |
| Enter hero's abilities submenu | 6 | |
| Right click | 347 | |
| Select / deselect | 215 | |
| Select group hotkey | 64 | |
| Use ability | 55 | |
778 total
» units
| Wisp | 15 | |
| Archer | 10 | |
| Hippogryph | 6 | |
31 total
» upgrades
| Strength of the Moon | 2 | |
| Moon Armor | 2 | |
| Marksmanship | 1 | |
| Improved Bows | 1 | |
6 total
» buildings
| Altar of Elders | 1 | |
| Moon Well | 5 | |
| Ancient of War | 1 | |
| Tree of Ages | 2 | |
| Hunter's Hall | 1 | |
| Ancient of Wonders | 1 | |
| Ancient of Wind | 2 | |
| Tree of Eternity | 1 | |
14 total
» build order
00:19 Altar of Elders
00:21 Moon Well
01:02 Ancient of War
01:19 Moon Well
01:50 Moon Well
02:59 Tree of Ages
02:59 Tree of Ages
04:00 Hunter's Hall
04:14 Ancient of Wonders
05:06 Moon Well
06:08 Ancient of Wind
06:39 Ancient of Wind
08:26 Moon Well
09:17 Tree of Eternity
» items
FuRy (
yellow | 154 APM | 2157 actions | 13:58)
3 Archmage
2 Summon Water Elemental
1 Brilliance Aura
2 Mountain King
1 Storm Bolt
1 Thunder Clap
» actions
| Assign group hotkey | 37 | |
| Basic commands | 47 | |
| Build / train | 53 | |
| ESC pressed | 4 | |
| Enter build submenu | 28 | |
| Enter hero's abilities submenu | 5 | |
| Right click | 815 | |
| Select / deselect | 295 | |
| Select group hotkey | 796 | |
| Use ability | 76 | |
2157 total
» units
| Peasant | 19 | |
| Footman | 10 | |
| Gryphon Rider | 6 | |
35 total
» upgrades
| Lumber Harvesting | 2 | |
| Swords | 2 | |
| Storm Hammers | 1 | |
5 total
» buildings
| Altar of Kings | 1 | |
| Farm | 7 | |
| Barracks | 1 | |
| Keep | 1 | |
| Lumber Mill | 3 | |
| Castle | 1 | |
| Blacksmith | 2 | |
| Scout Tower | 4 | |
| Arcane Vault | 2 | |
| Gryphon Aviary | 3 | |
25 total
» build order
00:06 Altar of Kings
00:18 Farm
00:20 Barracks
00:48 Farm
02:03 Farm
02:31 Keep
03:02 Farm
03:04 Farm
04:49 Lumber Mill
04:54 Lumber Mill
04:56 Castle
05:16 Blacksmith
05:18 Blacksmith
05:38 Scout Tower
05:40 Scout Tower
05:44 Scout Tower
05:50 Arcane Vault
05:52 Arcane Vault
06:35 Gryphon Aviary
06:53 Gryphon Aviary
07:39 Gryphon Aviary
07:43 Farm
07:46 Farm
12:11 Scout Tower
12:37 Lumber Mill
» items
BC(TY) (
red | 63 APM | 861 actions | 13:36)
3 Far Seer
2 Feral Spirit
1 Chain Lighting
1 Tauren Chieftain
1 Endurance Aura
» actions
| Assign group hotkey | 75 | |
| Build / train | 40 | |
| Enter build submenu | 12 | |
| Enter hero's abilities submenu | 4 | |
| Give item / drop item | 1 | |
| Right click | 375 | |
| Select / deselect | 199 | |
| Select group hotkey | 112 | |
| Use ability | 43 | |
861 total
» units
| Peon | 7 | |
| Grunt | 5 | |
| Shaman | 5 | |
| Tauren | 5 | |
22 total
» upgrades
» buildings
| Altar of Storms | 1 | |
| Orc Burrow | 5 | |
| Barracks | 1 | |
| Voodoo Lounge | 1 | |
| Stronghold | 1 | |
| War Mill | 1 | |
| Spirit Lodge | 1 | |
| Fortress | 1 | |
| Tauren Totem | 1 | |
13 total
» build order
00:09 Altar of Storms
00:11 Orc Burrow
00:34 Barracks
01:16 Orc Burrow
02:12 Voodoo Lounge
02:41 Orc Burrow
03:16 Stronghold
04:07 War Mill
05:36 Orc Burrow
05:50 Spirit Lodge
06:34 Fortress
07:02 Tauren Totem
07:44 Orc Burrow
» items
| Healing Salve | 4 | |
| Lesser Clarity Potion | 2 | |
| Scroll of Town Portal | 2 | |
8 total
Gobo (
pink | 51 APM | 725 actions | 14:21)
4 Death Knight
2 Death Coil
2 Unholy Aura
2 Lich
1 Frost Nova
1 Dark Ritual
» actions
| Assign group hotkey | 23 | |
| Basic commands | 10 | |
| Build / train | 38 | |
| Enter build submenu | 12 | |
| Enter hero's abilities submenu | 6 | |
| Give item / drop item | 4 | |
| Right click | 275 | |
| Select / deselect | 162 | |
| Select group hotkey | 154 | |
| Use ability | 41 | |
725 total
» units
| Acolyte | 2 | |
| Ghoul | 2 | |
| Crypt Fiend | 11 | |
| Obsidian Statue | 4 | |
| Abomination | 2 | |
21 total
» buildings
| Graveyard | 1 | |
| Crypt | 1 | |
| Altar of Darkness | 1 | |
| Ziggurat | 7 | |
| Tomb of Relics | 1 | |
| Halls of the Dead | 1 | |
| Slaughterhouse | 1 | |
| Black Citadel | 1 | |
14 total
» build order
00:09 Graveyard
00:24 Crypt
00:40 Altar of Darkness
00:59 Ziggurat
01:24 Ziggurat
01:54 Tomb of Relics
02:28 Ziggurat
04:02 Halls of the Dead
05:06 Ziggurat
06:38 Slaughterhouse
10:04 Black Citadel
10:44 Ziggurat
10:45 Ziggurat
10:46 Ziggurat
» items
| Rod of Necromancy | 2 | |
| Sacrificial Skull | 1 | |
| Periapt of Vitality | 1 | |
| Potion of Healing | 2 | |
| Potion of Mana | 1 | |
7 total
team 2 (winner)

»
skrt (
purple | 168 APM | 2408 actions | 14:22)
5 Death Knight
3 Death Coil
2 Unholy Aura
3 Lich
2 Frost Nova
1 Frost Armor
1 Crypt Lord
1 Impale
» actions
| Assign group hotkey | 25 | |
| Basic commands | 159 | |
| Build / train | 42 | |
| ESC pressed | 1 | |
| Enter build submenu | 19 | |
| Enter hero's abilities submenu | 9 | |
| Give item / drop item | 2 | |
| Right click | 1197 | |
| Select / deselect | 419 | |
| Select group hotkey | 470 | |
| Use ability | 65 | |
2408 total
» units
| Acolyte | 4 | |
| Ghoul | 3 | |
| Crypt Fiend | 7 | |
| Frost Wyrm | 2 | |
16 total
» upgrades
| Creature Attack | 2 | |
| Web | 1 | |
| Creature Carapace | 1 | |
4 total
» buildings
| Graveyard | 1 | |
| Crypt | 1 | |
| Altar of Darkness | 1 | |
| Ziggurat | 7 | |
| Tomb of Relics | 1 | |
| Nerubian Tower | 1 | |
| Halls of the Dead | 1 | |
| Black Citadel | 1 | |
| Sacrificial Pit | 1 | |
| Boneyard | 1 | |
| Necropolis | 1 | |
17 total
» build order
00:07 Graveyard
00:11 Crypt
00:42 Altar of Darkness
00:57 Ziggurat
00:59 Ziggurat
01:13 Tomb of Relics
01:54 Nerubian Tower
02:10 Ziggurat
04:21 Halls of the Dead
04:40 Ziggurat
06:13 Ziggurat
07:53 Black Citadel
09:08 Sacrificial Pit
10:18 Boneyard
11:46 Ziggurat
11:47 Ziggurat
13:00 Necropolis
» items
| Rod of Necromancy | 3 | |
| Potion of Mana | 1 | |
| Scroll of Town Portal | 1 | |
| Potion of Healing | 1 | |
| Lesser Clarity Potion | 1 | |
7 total

»
Astrael (
green | 78 APM | 1113 actions | 14:21)
4 Archmage
2 Summon Water Elemental
2 Brilliance Aura
4 Mountain King
2 Storm Bolt
2 Bash
» actions
| Assign group hotkey | 60 | |
| Basic commands | 39 | |
| Build / train | 62 | |
| Enter build submenu | 23 | |
| Enter hero's abilities submenu | 8 | |
| Give item / drop item | 4 | |
| Right click | 495 | |
| Select / deselect | 192 | |
| Select group hotkey | 155 | |
| Use ability | 75 | |
1113 total
» units
| Peasant | 11 | |
| Footman | 13 | |
| Makrura Snapper | 1 | |
| Priest | 4 | |
| Sorceress | 2 | |
31 total
» upgrades
| Masonry | 3 | |
| Defend | 1 | |
| Lumber Harvesting | 2 | |
| Priest Training | 2 | |
| Sorceress Training | 2 | |
10 total
» buildings
| Barracks | 1 | |
| Farm | 9 | |
| Altar of Kings | 1 | |
| Scout Tower | 4 | |
| Lumber Mill | 1 | |
| Arcane Tower | 1 | |
| Blacksmith | 1 | |
| Guard Tower | 1 | |
| Keep | 1 | |
| Arcane Vault | 2 | |
| Arcane Sanctum | 2 | |
| Castle | 1 | |
| Town Hall | 1 | |
26 total
» build order
00:09 Barracks
00:15 Farm
00:32 Farm
00:36 Farm
00:54 Farm
02:21 Altar of Kings
02:42 Farm
02:45 Farm
02:46 Scout Tower
02:51 Farm
03:07 Scout Tower
03:14 Lumber Mill
03:20 Arcane Tower
03:40 Farm
03:46 Farm
04:04 Blacksmith
04:18 Guard Tower
04:37 Keep
05:20 Arcane Vault
05:21 Arcane Vault
07:06 Arcane Sanctum
07:31 Arcane Sanctum
08:09 Castle
09:54 Scout Tower
10:03 Scout Tower
13:07 Town Hall
» items
| Scroll of Regeneration | 3 | |
| Lesser Clarity Potion | 1 | |
| Potion of Healing | 2 | |
6 total
Warsong (
teal | 87 APM | 1254 actions | 14:21)
5 Tauren Chieftain
3 War Stomp
2 Endurance Aura
3 Shadow Hunter
1 Hex
2 Healing Wave
» actions
| Assign group hotkey | 13 | |
| Basic commands | 34 | |
| Build / train | 68 | |
| Enter build submenu | 13 | |
| Enter hero's abilities submenu | 9 | |
| Give item / drop item | 5 | |
| Remove unit from queue | 2 | |
| Right click | 677 | |
| Select / deselect | 304 | |
| Select group hotkey | 57 | |
| Use ability | 72 | |
1254 total
» units
| Peon | 10 | |
| Troll Headhunter/Berserker | 16 | |
| Shaman | 3 | |
| Troll Witch Doctor | 3 | |
32 total
» upgrades
| Armor | 2 | |
| Ranged Weapons | 2 | |
| Shaman Training | 2 | |
| Witch Doctor Training | 2 | |
| Berserker Upgrade | 1 | |
9 total
» buildings
| Altar of Storms | 1 | |
| Orc Burrow | 5 | |
| War Mill | 1 | |
| Barracks | 1 | |
| Voodoo Lounge | 1 | |
| Stronghold | 2 | |
| Fortress | 1 | |
| Spirit Lodge | 2 | |
14 total
» build order
00:13 Altar of Storms
00:22 Orc Burrow
00:50 War Mill
01:15 Barracks
01:39 Orc Burrow
02:04 Voodoo Lounge
03:11 Orc Burrow
03:53 Stronghold
03:54 Stronghold
06:15 Fortress
06:17 Spirit Lodge
06:19 Spirit Lodge
06:32 Orc Burrow
08:20 Orc Burrow
» items
| Healing Salve | 3 | |
| Lesser Clarity Potion | 1 | |
4 total
buttFUQ (
blue | 88 APM | 1266 actions | 14:21)
5 Archmage
3 Blizzard
2 Brilliance Aura
3 Blood Mage
2 Flame Strike
1 Siphon Mana
» actions
| Assign group hotkey | 58 | |
| Basic commands | 25 | |
| Build / train | 54 | |
| Enter build submenu | 21 | |
| Enter hero's abilities submenu | 9 | |
| Give item / drop item | 1 | |
| Right click | 776 | |
| Select / deselect | 231 | |
| Select group hotkey | 24 | |
| Use ability | 67 | |
1266 total
» units
| Peasant | 8 | |
| Rifleman | 11 | |
| Mortar Team | 2 | |
| Flying Machine | 2 | |
23 total
» upgrades
| Gunpowder | 1 | |
| Long Rifles | 1 | |
| Flak Cannons | 1 | |
3 total
» buildings
| Altar of Kings | 1 | |
| Farm | 12 | |
| Blacksmith | 1 | |
| Barracks | 1 | |
| Scout Tower | 2 | |
| Arcane Vault | 1 | |
| Lumber Mill | 1 | |
| Arcane Tower | 2 | |
| Keep | 2 | |
| Guard Tower | 2 | |
| Workshop | 1 | |
26 total
» build order
00:20 Altar of Kings
00:35 Farm
00:50 Blacksmith
01:38 Barracks
01:52 Farm
02:05 Scout Tower
02:16 Farm
02:42 Farm
03:14 Arcane Vault
03:24 Lumber Mill
03:28 Arcane Tower
03:28 Arcane Tower
04:50 Farm
05:08 Farm
05:18 Keep
05:18 Keep
05:50 Scout Tower
06:24 Guard Tower
06:24 Guard Tower
06:27 Farm
06:28 Farm
07:18 Farm
07:51 Workshop
08:14 Farm
08:15 Farm
10:36 Farm
» items
| Scroll of Regeneration | 4 | |
| Lesser Clarity Potion | 1 | |
| Scroll of Town Portal | 2 | |
7 total
Chat log
(00:08 / All) buttFUQ: what new in this patch?
(00:08 / Allies) Warsong: tc hh shaman witches
(00:19 / All) Warsong: mostly get rid of bots
(00:20 / All) BC(TY): am buff
(00:28 / All) skrt: mk got a new spell
(00:29 / All) Warsong: kotg nerf
(00:31 / All) Gobo: gobo buff
(00:45 / Allies) Warsong: lol no he didnt
(00:55 / All) skrt: bloodmage gets phoenix at lvl5
(01:02 / All) buttFUQ: :-O
(01:02 / Allies) Warsong: lmao
(01:07 / All) Gobo: dk not op ow
(01:16 / All) Astrael: naga playable race
(01:21 / All) Gobo: crypt lord in now best
(01:40 / All) FuRy: milicia lengts 30mins
(01:44 / All) TekK: drow summons dildos that whack bitches
(01:49 / All) FuRy: lolll
(02:07 / All) Gobo: its called plastic fap
(02:18 / All) TekK: DILDO SMASH
(02:40 / All) Gobo: dildo over time
(03:39 / All) Gobo: bm now int hero
(04:47 / Allies) buttFUQ: 2
(04:54 / Allies) Warsong: kk
(04:56 / Allies) Warsong: omw
(11:35 / All) Gobo: well then
(12:15 / Allies) Warsong: gold?
(14:15 / All) Gobo: gg
(14:17 / All) Warsong: GG